 Dungeon Crawl Stone Soup version 0.19.0-24-gb05acd6 (console) character file.

54 OvidiusNaso the Shooter (level 3, 0/24 HPs)
             Began as a High Elf Hunter on Nov 20, 2016.
             Succumbed to Crazy Yiuf's poison
             ... on level 2 of the Dungeon.
             The game lasted 00:08:00 (1013 turns).

OvidiusNaso the Shooter (High Elf Hunter)           Turns: 1013, Time: 00:08:00

Health: 0/24       AC:  6    Str:  9 (11) XL:     3   Next: 66%
Magic:  4/4        EV: 11    Int: 14 (15) God:
Gold:   31         SH:  0    Dex: 15 (16) Spells: 0 memorised, 2 levels left

rFire  . . .     SeeInvis .     a - +2 shortbow
rCold  . . .     Gourm    .     m - +0 ring mail
rNeg   . . .     Faith    .     (shield currently unavailable)
rPois  .         Spirit   .     (no helmet)
rElec  .         Reflect  .     (no cloak)
rCorr  .         Harm     .     (no gloves)
MR     .....                    e - +0 pair of boots
Stlth  +.........               (no amulet)
                                (no ring)
                                (no ring)

@: lethally poisoned (0 -> -9)
A: no striking features
a: no special abilities


You were on level 2 of the Dungeon.
You were not hungry.

You visited 1 branch of the dungeon, and saw 2 of its levels.

You collected 31 gold pieces.

Inventory:

Hand Weapons
 a - a +2 shortbow (weapon)
 b - a +0 short sword
Missiles
 d - 9 arrows (quivered)
 l - 7 tomahawks
Armour
 c - a +0 leather armour
 e - a +0 pair of boots (worn)
 m - a +0 ring mail (worn)
Comestibles
 f - a bread ration
 j - 2 meat rations


   Skills:
 - Level 2.0 Fighting
 + Level 1.4 Short Blades
 * Level 6.3 Bows
 + Level 2.7 Dodging
 - Level 1.6 Stealth


You had 2 spell levels left.
You didn't know any spells.

Dungeon Overview and Level Annotations

Branches:
Dungeon (2/15)

Altars:


Message History

There was something very wrong with that liquid.
You feel weakened.
You feel dopey.
You feel clumsy.
* * * LOW HITPOINT WARNING * * *
You feel sick.
Sorry, you're not good enough to have a special ability.
You don't know any spells.
As you read the scroll labeled YWOILIUROF, it crumbles to dust.
You feel blessed for a moment.
It was a scroll of remove curse.
* * * LOW HITPOINT WARNING * * *
You feel sick.
As you read the scroll labeled HIOTRI LIOMAY, it crumbles to dust.
It is a scroll of enchant weapon.
Your +1 shortbow glows red for a moment.
* * * LOW HITPOINT WARNING * * *
You feel sick.
As you read the scroll labeled GUUN XIYLARI, it crumbles to dust.
You feel aware of your surroundings.
It was a scroll of magic mapping.
* * * LOW HITPOINT WARNING * * *
You feel sick.
You die...

,,,,**,,,,,,,,,,,,,,,,,,,,*
,,,,**,,,,,,,**,*,,,,,,****
,,,,**,,,,,,,*,,*,*,*********
,,,,,,,,,,...#..,,,,,,,,,,,,*
,,,,,,,#.,...#..,,,,,,,,,,,,*
,,,,,..*...#...#*************
,,,,*#.##..#.(.#
,,,,,...#..#...#######
,,,,,....#.#....#..#(###**###
,,,,,............#.)#..##...#
,,,,,...........@..####.g...#
,,,,,...........#.## ###..)#
,,,,,*+##......#### **###
,,,,,*,*#......#
,,,,,*,*##.#...#
,,****>###.#...###########
,,****,#.................###
,,,,,,...............†.....#
,,,,,,............########.#
..................#........#
..................#.############


There were no monsters in sight!

Vanquished Creatures
  Crazy Yiuf (D:2)
  2 dart slugs (D:1)
  A leopard gecko (D:2)
  2 goblins (D:1)
  4 hobgoblins (D:1)
  3 kobolds (D:1)
  2 bats (D:1)
  4 frilled lizards
  3 rats (D:1)
22 creatures vanquished.

Notes
Turn   | Place    | Note
-------+----------+-------------------------------------------
     0 | D:1      | OvidiusNaso the High Elf Hunter began the quest for the Orb.
     0 | D:1      | Reached XP level 1. HP: 14/14 MP: 2/2
   324 | D:1      | Reached XP level 2. HP: 10/19 MP: 3/3
   805 | D:2      | Reached skill level 6 in Bows
   989 | D:2      | Found a runed door.
   993 | D:2      | Noticed Crazy Yiuf
  1007 | D:2      | Killed Crazy Yiuf
  1007 | D:2      | Reached skill level 1 in Short Blades
  1007 | D:2      | Reached XP level 3. HP: 6/24 MP: 4/4
  1011 | D:2      | HP: 1/24 [poisoned by Crazy Yiuf]
  1013 | D:2      | Succumbed to Crazy Yiuf's poison

Skill      XL: |  1  2 |
---------------+-------+-----
Bows           | 6 |  6.3
Short Blades   | 1 |  1.4
Fighting       | |  2.0
Dodging        | |  2.7
Stealth        | |  1.6

Action                   || total
-------------------------++-------
Melee: Short sword       ||    43
 Fire: Shortbow          ||    31
  Use: Scroll            ||     3
       Potion            ||     1
 Stab: Sleeping          ||     1
Armor: Leather armour    ||     7
       Ring mail         ||     3
Dodge: Dodged            ||    34
